 Dungeon Sprint DCSS version 0.31-a0-1278-g11c5b68f87 (webtiles) character file.

Game seed: 16220985249364509357

28 bmb222 the Grave Robber (level 2, -2/19 HPs)
             Began as a Mummy Necromancer on Dec 17, 2023.
             Slain by a human (6 damage)
             ... in the Dungeon (Sprint III: "The Ten Rune Challenge").
             The game lasted 00:00:30 (187 turns).

bmb222 the Grave Robber (Mummy Necromancer)          Turns: 187, Time: 00:00:31

Health: -2/19      AC:  2    Str: 11    XL:     2   Next: 96%
Magic:  0/6        EV: 12    Int: 14    God:
Gold:   6          SH:  0    Dex: 12    Spells: 7/8 levels left

rFire   x . .        (no weapon)
rCold   + . .        (no shield)
rNeg    + + +        a - +0 robe
rPois   ∞            (no helmet)
rElec   .            (no cloak)
rCorr   .            (no gloves)
SInv    .            (no boots)
Will    .....        (no amulet)
Stlth   ++           (no ring)
HPRegen 0.23/turn    (no ring)
MPRegen 0.10/turn

%: no teleportation, faith
@: no status effects
A: cold resistance 1, negative energy resistance 3, torment resistance 2, heat
vulnerability 1, in touch with death 1, no potions, faith
a: no special abilities


You were in the Dungeon.
You visited 1 branch You collected 6 gold pieces.

Inventory:

Armour
 a - a +0 robe (worn)
Scrolls
 b - a scroll of blinking
 c - a scroll of enchant armour {unknown}


   Skills:
 + Level 2.0 Dodging
 + Level 2.1 Stealth
 + Level 3.9 Spellcasting
 + Level 6.4 Necromancy


You had 7 spell levels left.
You knew the following spells:

 Your Spells              Type           Power      Damage    Failure   Level
a - Necrotise             Necr           100%       1d9       1%          1

Your spell library contained the following spells:

 Spells                   Type           Power      Damage    Failure   Level
 Vampiric Draining        Necr           31%        2d8       4%          3
 Animate Dead             Necr           31%        N/A       14%         4
 Agony                    Necr           31%        N/A       36%         5


Dungeon Overview and Level Annotations

Branches:
Dungeon (1/1)

Altars:


Innate Abilities, Weirdness & Mutations

You are immune to poison.
Your flesh is cold resistant. (rC+)
You are immune to negative energy. (rN+++)
You are immune to unholy pain and torment.
You are vulnerable to heat. (rF-)
You are in touch with the powers of death.
You do not drink.
You have a special connection with the divine. (Faith)


Message History

The human is heavily wounded.
The human closely misses you.
You are too injured to fight recklessly!
You are too injured to fight recklessly!
Casting: Necrotise (safe; 1% risk of failure)
Confirm with . or Enter, or press ? or * to list all spells.
Aiming: Necrotise (safe; 1% risk of failure)
Press: ? - help, Shift-Dir - straight line, f/p - human
Aim: a human (heavily wounded, chance to affect: 83%)
You feel a surge of power!
The human writhes in agony!
The human hits you but does no damage.
Casting: Necrotise (safe; 1% risk of failure)
Confirm with . or Enter, or press ? or * to list all spells.
Aiming: Necrotise (safe; 1% risk of failure)
Press: ? - help, Shift-Dir - straight line, f/p - human
Aim: a human (severely wounded, chance to affect: 83%)
You feel a surge of power!
The human writhes in agony!
The human hits you.
* * * LOW HITPOINT WARNING * * *
Casting: Necrotise (safe; 1% risk of failure)
Confirm with . or Enter, or press ? or * to list all spells.
Aiming: Necrotise (safe; 1% risk of failure)
Press: ? - help, Shift-Dir - straight line, f/p - human
Aim: a human (almost dead, chance to affect: 83%)
You feel a surge of power!
The human barely resists.
The human barely misses you.
Unknown command.
You can't drink.
You hit the human but do no damage.
The human is almost dead.
The human misses you.
You closely miss the human.
The human is almost dead.
The human barely misses you.
You hit the human but do no damage.
The human is almost dead.
The human barely misses you.
You completely miss the human.
The human is almost dead.
The human hits you.
You die...

▓▓▓▓▓▓▓▓▓
▓<..#...####
▓...#......##
▓..##.......#
▓##.##.##..)# .#
##.##.###..# ..#
▓#.####.##..# ...+
▓.###..##..##
#...# ▓#@p...##..#
#....#
###..##...##.....#
##..##....#......#
#..###..##.# #..#
#.. ### ▓▓▓▓ ▓▓▓


You could see a human.

Vanquished Creatures
  Jessica (D)
  3 rats (D)
4 creatures vanquished.

Notes
Turn   | Place    | Note
-------+----------+-------------------------------------------
     0 | D        | bmb222 the Mummy Necromancer began the quest for the Orb.
     0 | D        | Reached XP level 1. HP: 13/13 MP: 4/4
    80 | D        | Noticed Jessica
    86 | D        | Killed Jessica
    87 | D        | Reached skill level 6 in Necromancy
    87 | D        | Reached XP level 2. HP: 6/19 MP: 0/6
   187 | D        | Slain by a human

Illustrated notes

Levels and vault maps discovered:
D:        dungeon_sprint_mu [sprint_mu_entry_cave, sprint_mu_temple_rooms,
          sprint_mu_d1_horrors, sprint_mu_d2_genie, sprint_mu_d3_branching,
          sprint_mu_orc_legion, sprint_mu_elf_gauntlet, sprint_mu_hive_nellie,
          sprint_mu_lair_fedhas, sprint_mu_vaults_butterflies,
          sprint_mu_slime_circle, sprint_mu_swamp_cave, sprint_mu_snake_twists,
          sprint_mu_blade_basic, sprint_mu_crypt_lich, sprint_mu_tomb_spiral,
          sprint_mu_vestibule_basic, sprint_mu_gehenna_hellfire,
          sprint_mu_dis_giant, sprint_mu_tartarus_statrot,
          sprint_mu_cocytus_islands, sprint_mu_zot1]

Skill      XL: |  1 |
---------------+----+-----
Dodging        | 2 |  2.0
Stealth        | 2 |  2.1
Spellcasting   | 3 |  3.9
Necromancy     | 6 |  6.4

Action                     || total
---------------------------++-------
  Melee: Unarmed           ||    13
   Cast: Necrotise         ||    15
   Stab: Sleeping          ||     1
 Armour: Robe              ||    11
  Dodge: Dodged            ||    16

Table legend: (Time is in decaauts)
 A = Elapsed time spent in this place.
 B = Non-inter-level travel time spent in this place.
 C = Inter-level travel time spent in this place.
 D = Time resting spent in this place.
 E = Time spent auto-exploring this place.
 F = Levels seen in this place.
 G = Mean time per level.
                   A        B        C        D        E       F      G
               +--------+--------+--------+--------+--------+-----+--------+
         Total |    187 |    187 |      0 |     56 |     72 |   1 |  187.0 |
       Dungeon |    187 |    187 |      0 |     56 |     72 |   1 |  187.0 |
               +--------+--------+--------+--------+--------+-----+--------+

Top non-repeatable levels by time:
       D: 187 daAuts
